 Dungeon Crawl Stone Soup version 0.19.1-1-g22dce08 (console) character file.

147 Lahna the Slasher (level 5, -1/45 HPs)
             Began as a Minotaur Abyssal Knight on Jan 18, 2017.
             Was a Follower of Lugonu.
             Slain by a goblin
             ... wielding a +0 dagger
             ... led by Robin
              (5 damage)
             ... on level 2 of the Dungeon.
             The game lasted 00:04:52 (1884 turns).

Lahna the Slasher (Minotaur Abyssal Knight)         Turns: 1884, Time: 00:04:52

Health: -1/45      AC:  3    Str: 18    XL:     5   Next: 7%
Magic:  5/5        EV: 11    Int:  9    God:    Lugonu [*.....]
Gold:   77         SH:  0    Dex:  9    Spells: 0 memorised, 4 levels left

rFire  . . .     SeeInvis .     a - +1 falchion
rCold  . . .     Gourm    .     b - +0 leather armour
rNeg   . . .     Faith    .     (no shield)
rPois  .         Spirit   .     (helmet restricted)
rElec  .         Reflect  .     (no cloak)
rCorr  .         Harm     .     (no gloves)
MR     .....                    (no boots)
Stlth  +.........               (no amulet)
                                (no ring)
                                (no ring)

@: no status effects
A: retaliatory headbutt, horns 2
a: Depart the Abyss, Renounce Religion


You were on level 2 of the Dungeon.
You worshipped Lugonu.
Lugonu was aware of your devotion.
You were not hungry.

You visited 1 branch of the dungeon, and saw 2 of its levels.
You visited the Abyss 1 time.

You collected 77 gold pieces.

Inventory:

Hand Weapons
 a - a +1 falchion (weapon)
Armour
 b - a +0 leather armour (worn)
Wands
 o - a wand of iceblast (10/15)
Scrolls
 e - a scroll of amnesia {unknown}
 f - 2 scrolls of noise {unknown}
 g - a scroll of fear {unknown}
 h - 5 scrolls of identify {unknown}
 j - a scroll of remove curse {unknown}
 m - 3 scrolls of enchant armour {unknown}
 q - a scroll of immolation {unknown}
Potions
 d - a potion of curing {unknown}
 n - a potion of might {unknown}
Comestibles
 c - a bread ration
 i - a meat ration
 k - 11 chunks of flesh
 l - a slice of pizza
 p - a beef jerky


   Skills:
 - Level 3.6 Fighting
 - Level 5.0 Long Blades
 + Level 4.6 Armour
 - Level 1.1 Dodging
 - Level 1.7 Invocations


You had 4 spell levels left.
You didn't know any spells.

Dungeon Overview and Level Annotations

Branches:
Dungeon (2/15)

Altars:

Annotations:
D:2 Robin


Innate Abilities, Weirdness & Mutations

You reflexively headbutt those who attack you in melee.
You have a pair of horns on your head.


Message History

You kill the goblin!
Lugonu accepts your kill. The goblin hits you with a dagger.
The goblin completely misses you. The goblin closely misses you.
The goblin completely misses you. Robin throws the goblin at you!
* * * LOW HITPOINT WARNING * * *
You see here a goblin corpse.
The goblin misses you. You furiously retaliate!
You headbutt the goblin.
You riposte.
You hit the goblin.
You kill the goblin!
Lugonu accepts your kill. Robin throws the goblin at you!
* * * LOW HITPOINT WARNING * * *
The goblin hits you but does no damage.
You barely miss the goblin. The goblin hits you but does no damage.
The goblin hits you with a club.
* * * LOW HITPOINT WARNING * * *
You miss the goblin. The goblin closely misses you.
The goblin hits you with a dagger.
You die...

....###...# #.(..........
..........# #.†......(...
##.......# #............
#.......######............
###'#...........g..########
....#..............#
.####..........gg..#
.####.........ggg#######
...............g@.......
..............##g.......
..............##.....)..
..............##........
..............##........
..............##........
...........)..##........
...[..........##........
..÷.).........##########


You could see Robin, a hobgoblin and 6 goblins.

Vanquished Creatures
  Jessica (D:2)
  Ijyb (D:2)
  A gnoll (D:1)
  3 adders
  A worm (D:2)
  3 dart slugs (D:1)
  A ball python (D:1)
  4 bats
  3 giant cockroaches
  7 goblins
  7 hobgoblins
  3 jackals (D:1)
  2 quokkas (D:2)
  2 frilled lizards
  7 kobolds
  3 rats (D:1)
49 creatures vanquished.

Notes
Turn   | Place    | Note
-------+----------+-------------------------------------------
     0 | Abyss:1  | Lahna the Minotaur Abyssal Knight began the quest for the Orb.
     0 | Abyss:1  | Reached XP level 1. HP: 19/19 MP: 1/1
    22 | Abyss:1  | Found a bloodstained altar of Trog.
    61 | Abyss:1  | Noticed an ancient zyme
    71 | D:1      | Escaped the Abyss
   108 | D:1      | Reached * piety under Lugonu
   127 | D:1      | Reached skill level 3 in Long Blades
   405 | D:1      | Reached XP level 2. HP: 26/26 MP: 2/2
   538 | D:1      | Reached skill level 4 in Long Blades
   818 | D:1      | Reached XP level 3. HP: 26/31 MP: 3/3
  1262 | D:1      | Reached skill level 5 in Long Blades
  1617 | D:2      | Noticed Jessica
  1626 | D:2      | Killed Jessica
  1626 | D:2      | Reached XP level 4. HP: 34/39 MP: 4/4
  1792 | D:2      | Noticed Ijyb
  1814 | D:2      | Killed Ijyb
  1814 | D:2      | Reached XP level 5. HP: 18/45 MP: 5/5
  1868 | D:2      | Noticed Robin
  1884 | D:2      | Slain by a goblin

Skill      XL: |  1  2  3  4 |
---------------+-------------+-----
Long Blades    | 3 4 5 |  5.0
Armour         | 3 4 |  4.6
Fighting       | |  3.6
Dodging        | |  1.1
Invocations    | |  1.7

Action                   |  1- 3 |  4- 6 || total
-------------------------+-------+-------++-------
Melee: Falchion          |    75 |    38 ||   113
       Headbutt          |    16 |     2 ||    18
Invok: Depart the Abyss  |     1 |       ||     1
  Eat: Chunk             |     2 |     1 ||     3
Armor: Leather armour    |    24 |    16 ||    40
Dodge: Dodged            |    50 |    37 ||    87
       Rpst.: Falchion   |    18 |     9 ||    27
